Map: Romanticide LE

Players

SKillous - Winner!

  • Race: Protoss Protoss
  • League: Grandmaster

BratOK (Brat_OK)

  • Race: Terran Terran
  • League: Grandmaster

Event: DreamHack SC2 Masters 2021 Summer

VOD

Have the link to the VOD?

Description

Time

  • Played on: May 19, 2021, 12:48 p.m.
  • Length: 8:06

All games in this series

Show
View Real Time Build Order
Export as new Build Order

SKillous Protoss - Winner!

Build Orders: 1 Gate Expand, Blink Stalkers 

Get SALT Encoding   

  12  0:00  Probe  
  13  0:12  Probe  
  14  0:18  Pylon  
  14  0:24  Probe (Chrono Boost)  
  15  0:37  Probe (Chrono Boost), Gateway  
  16  0:45  Probe (Chrono Boost)  
  16  0:46  Assimilator  
  17  0:51  Probe  
  18  1:03  Probe  
  19  1:15  Probe  
  20  1:24  Cybernetics Core  
  20  1:35  Nexus  
  20  1:40  Pylon  
  20  1:42  Probe  
  21  1:51  Assimilator  
  20  1:54  Probe  
  20  1:58  Adept (Chrono Boost)  
  23  2:01  Warp Gate  
  23  2:06  Probe  
  24  2:18  Probe (Chrono Boost)  
  24  2:21  Stalker  
  27  2:29  Probe (Chrono Boost)  
  28  2:34  Probe (Chrono Boost), Twilight Council  
  29  2:47  Probe (Chrono Boost)  
  29  2:49  Probe (Chrono Boost)  
  31  2:56  Robotics Facility  
  31  2:57  Probe (Chrono Boost)  
  33  2:59  Probe (Chrono Boost)  
  33  3:02  Probe (Chrono Boost)  
  33  3:03  Gateway  
  34  3:09  Probe  
  34  3:12  Blink (Chrono Boost)  
  35  3:14  Probe  
  36  3:21  Probe  
  36  3:26  Probe  
  38  3:32  Gateway  
  38  3:33  Probe  
  39  3:36  Gateway  
  39  3:38  Probe  
  40  3:44  Observer (Chrono Boost)  
  40  3:45  Probe  
  40  3:46  Pylon  
  42  3:49  Assimilator  
  42  3:50  Probe  
  43  3:56  Stalker  
  43  3:57  Probe  
  43  4:02  Warp Prism (Chrono Boost)  
  46  4:06  Probe  
  49  4:11  Pylon  
  49  4:17  Pylon  
  49  4:19  Probe  
  49  4:24  Stalker x2  
  54  4:30  Stalker  
  56  4:32  Stalker  
  56  4:34  Observer  
  56  4:36  Pylon  
  58  4:53  Stalker x3  
  58  4:56  Stalker  
  58  4:59  Pylon  
  66  5:01  Probe, Pylon  
  66  5:02  Assimilator  
  54  5:21  Stalker x2  
  54  5:22  Stalker x2  
  54  5:23  Probe x2  
  54  5:26  Charge  
  62  5:45  Stalker x4  
  62  5:47  Probe  
  71  5:57  Nexus  
  69  6:11  Stalker x3  
  75  6:13  Stalker  
  75  6:14  Probe (Chrono Boost)  
  75  6:16  Probe (Chrono Boost)  
  79  6:23  Observer  
  79  6:25  Probe (Chrono Boost)  
  81  6:26  Robotics Bay  
  81  6:27  Probe (Chrono Boost)  
  81  6:31  Probe  
  82  6:36  Forge  
  83  6:43  Stalker x2  
  83  6:44  Observer  
  83  6:45  Stalker  
  90  6:48  Pylon  
  84  6:59  Stalker  
  79  7:01  Probe  
  79  7:06  Stalker x2  
  83  7:08  Stalker  
  73  7:16  Probe  
  60  7:26  Stalker  
  60  7:29  Probe (Chrono Boost)  
  57  7:31  Stalker  
  57  7:32  Stalker x2  
  57  7:33  Probe (Chrono Boost)  
  57  7:37  Probe (Chrono Boost)  
  63  7:41  Probe (Chrono Boost)  
  61  7:46  Probe (Chrono Boost)  
  61  7:47  Probe (Chrono Boost)  
  59  7:54  Probe (Chrono Boost)  
  57  7:58  Stalker x3  
  57  8:00  Zealot  
Show
View Real Time Build Order
Export as new Build Order

BratOK Terran 

Build Orders:  

Get SALT Encoding   

  12  0:00  SCV  
  13  0:12  SCV  
  14  0:17  Supply Depot  
  14  0:24  SCV  
  15  0:38  SCV  
  15  0:40  Barracks  
  16  0:44  Refinery  
  16  0:50  SCV  
  17  1:02  SCV  
  18  1:14  SCV  
  19  1:27  Orbital Command, Marine  
  20  1:45  Barracks Reactor  
  20  1:49  Command Center  
  21  1:54  SCV  
  21  2:02  Supply Depot  
  21  2:08  Factory  
  21  2:11  SCV  
  22  2:21  Refinery, Marine  
  23  2:23  Marine  
  23  2:24  SCV  
  25  2:31  Bunker  
  25  2:36  SCV  
  26  2:40  Marine  
  26  2:41  Marine  
  28  2:48  SCV  
  29  2:55  Starport  
  29  2:57  Widow Mine  
  31  3:01  SCV  
  32  3:10  Marine x2  
  34  3:13  Orbital Command  
  34  3:15  SCV  
  35  3:20  Factory Tech Lab  
  35  3:28  SCV  
  35  3:30  Marine  
  35  3:31  Marine  
  35  3:32  Supply Depot  
  38  3:40  SCV  
  39  3:44  Raven  
  39  3:45  Factory Tech Lab  
  41  3:49  Marine x2  
  41  3:51  SCV  
  41  3:52  SCV  
  41  3:54  Supply Depot  
  45  4:03  SCV, Siege Tank  
  45  4:05  SCV  
  50  4:10  Refinery  
  50  4:15  SCV  
  50  4:18  SCV  
  50  4:19  Supply Depot  
  50  4:21  Marine x2  
  53  4:27  Viking  
  53  4:28  SCV  
  56  4:33  SCV  
  56  4:35  Siege Tank  
  60  4:44  SCV  
  60  4:45  SCV  
  60  4:51  Marine, Command Center  
  62  4:55  Supply Depot  
  62  4:56  SCV  
  63  5:00  Banshee  
  63  5:01  Cloaking Field  
  66  5:07  SCV  
  67  5:18  Marine x2  
  63  5:25  Siege Tank  
  66  5:34  SCV x2  
  68  5:36  Marine x2  
  68  5:37  Supply Depot  
  70  5:43  Banshee  
  70  5:46  SCV x2  
  75  5:53  Supply Depot  
  75  5:54  Marine x2  
  77  5:59  Siege Tank  
  78  6:05  Supply Depot  
  78  6:09  Supply Depot  
  78  6:10  Orbital Command  
  78  6:12  Marine x2  
  78  6:13  SCV x2  
  82  6:25  SCV  
  83  6:27  Banshee  
  83  6:31  Siege Tank  
  79  6:44  Marine x2  
  79  6:49  SCV x2  
  58  7:01  SCV, Marine x2  
  58  7:03  Siege Tank  
  51  7:10  Viking  
  46  7:21  Marine  
  46  7:22  Marine  
  39  7:33  SCV x2  
  42  7:45  Marine x2  
  42  7:48  SCV  
  42  7:49  SCV  
  42  7:50  SCV  
Tags
 
Add a new tag
Caveats
  • Supply blocks, unpowered buildings, or Contaminate may cause inaccurate times.
  • Supply counts are checked every 10 seconds.